 Dungeon Crawl Stone Soup version 0.21-a0-634-gaf8bc5d (webtiles) character file.

184 Megalobster the Sneak (level 5, -1/24 HPs)
             Began as a Spriggan Enchanter on Dec 29, 2017.
             Was an Initiate of Nemelex Xobeh.
             Slain by Grinder (6 damage)
             ... on level 3 of the Dungeon.
             The game lasted 00:09:14 (4257 turns).

Megalobster the Sneak (Spriggan Enchanter)          Turns: 4257, Time: 00:09:16

Health: -1/24      AC:  3    Str:  4    XL:     5   Next: 36%
Magic:  9/11       EV: 19    Int: 17    God:    Nemelex Xobeh [......]
Gold:   148        SH:  0    Dex: 17    Spells: 1/10 levels left

rFire    . . .     SeeInvis +   j - +0 dagger (curse)
rCold    . . .     Gourm    .   (shield restricted)
rNeg     . . .     Faith    .   b - +0 robe
rPois    .         Spirit   .   (helmet restricted)
rElec    .         Reflect  .   w - +0 cloak
rCorr    .         Harm     .   (gloves unavailable)
MR       .....                  (boots unavailable)
Stlth    +++.......             (no amulet)
HPRegen  0.08/turn              (no ring)
MPRegen  0.12/turn              (no ring)

@: very quick
A: very small, unfitting armour, see invisible, herbivore, speed 3, slow
metabolism 2
a: Renounce Religion


You were on level 3 of the Dungeon.
You worshipped Nemelex Xobeh.
Nemelex Xobeh was noncommittal.
You were hungry.

You visited 1 branch of the dungeon, and saw 3 of its levels.

You collected 148 gold pieces.

Inventory:

Hand Weapons
 a - a +1 dagger
 e - a +0 hunting sling
 j - a cursed +0 dagger (weapon)
Missiles
 h - 11 curare-tipped needles
 o - 22 poisoned needles
Armour
 b - a +0 robe (worn)
 f - a scarf of spirit shield
 w - a +0 cloak (worn)
Scrolls
 i - 3 scrolls of remove curse {unknown}
 l - 4 scrolls of identify {unknown}
 n - a scroll of immolation {unknown}
 p - a scroll of fear {unknown}
 r - a scroll of magic mapping {unknown}
 s - 2 scrolls of amnesia {unknown}
 t - a scroll of teleportation {unknown}
Potions
 g - a potion of mutation {unknown}
 k - a potion of ambrosia {unknown}
 m - a potion of curing {unknown}
 q - a potion of flight {unknown}
 u - a potion of magic {unknown}
 x - a potion of heal wounds {unknown}
Books
 c - a book of Maledictions

   Spells                             Type                      Level
   a - Corona                         Hexes                        1
   b - Ensorcelled Hibernation        Hexes/Ice                    2
   c - Confuse                        Hexes                        3
   d - Tukima's Dance                 Hexes                        3
   e - Dazzling Spray                 Conjuration/Hexes            3
Miscellaneous
 v - a plain deck of destruction
Comestibles
 d - 6 rations


   Skills:
 + Level 2.1 Short Blades
 + Level 4.0 Dodging
 * Level 6.0 Stealth
 + Level 3.3 Spellcasting
 * Level 4.7 Hexes
 * Level 1.0 Ice Magic
 * Level 1.3 Invocations


You had one spell level left.
You knew the following spells:

 Your Spells              Type           Power        Failure   Level  Hunger
a - Corona                Hex            ###....      2%          1    None
b - Ensorcelled Hibernat  Hex/Ice        ##....       8%          2    ##.....
c - Confuse               Hex            ###.....     7%          3    ###....
d - Tukima's Dance        Hex            ###.....     7%          3    ###....


Dungeon Overview and Level Annotations

Branches:
Dungeon (3/15)

Altars:
Nemelex Xobeh

Annotations:
D:3 Grinder


Innate Abilities, Weirdness & Mutations

You are very small and have problems with some larger weapons.
You are too small for most types of armour.
You have supernaturally acute eyesight. (SInv)
You are a herbivore.
You cover ground extremely quickly.
You need consume almost no food.


Message History

You are too injured to fight recklessly!
You are too injured to fight recklessly!
You are too injured to fight recklessly!
You hit Grinder.
Grinder is heavily wounded.
You hit Grinder but do no damage.
Grinder is heavily wounded.
You hit Grinder.
Grinder is heavily wounded.
You hit Grinder but do no damage.
Grinder is heavily wounded.
You hit Grinder but do no damage.
Grinder is heavily wounded.
You hit Grinder.
Grinder is heavily wounded.
Grinder seems less confused.
Grinder hits you!
* * * LOW HITPOINT WARNING * * *
You writhe in agony.
You die...
Your body disappears without a glow.

...####.##.##.#
#.#.# #.##.##.#
#.#.# #.......# #
..# ###...### ..
#...# #...#######
####...<.....#####
..........)#.....#
..........@.....#.#
#.........5.#.#.#
#####....####.#...
#....(....###.#
#...#.###.###.#
#....#.##.....#
##..###[#######
###.# ##.#
#....###.##


You could see Grinder.

Vanquished Creatures
  The ghost of arkorax the Shield-Bearer, an amateur FoFi (D:3)
  Crazy Yiuf (D:3)
  4 adders
  A dart slug (D:1)
  A leopard gecko (D:1)
  3 orcs
  7 bats
  2 giant cockroaches (D:2)
  6 goblins
  7 hobgoblins
  8 kobolds
  2 ball pythons
  5 frilled lizards
  2 rats
50 creatures vanquished.

Notes
Turn   | Place    | Note
-------+----------+-------------------------------------------
     0 | D:1      | Megalobster the Spriggan Enchanter began the quest for the Orb.
     0 | D:1      | Reached XP level 1. HP: 9/9 MP: 5/5
   693 | D:1      | Reached XP level 2. HP: 13/13 MP: 6/6
   797 | D:1      | Learned a level 2 spell: Ensorcelled Hibernation
  1162 | D:1      | Reached skill level 5 in Stealth
  1756 | D:1      | Reached XP level 3. HP: 16/16 MP: 8/8
  1866 | D:2      | Learned a level 3 spell: Confuse
  3274 | D:2      | Found a sparkling altar of Nemelex Xobeh.
  3340 | D:2      | Became a worshipper of Nemelex Xobeh the Trickster
  3623 | D:3      | Received a gift from Nemelex Xobeh
  3733 | D:3      | Reached XP level 4. HP: 21/21 MP: 6/9
  3780 | D:3      | Noticed arkorax's ghost (amateur FoFi)
  3808 | D:3      | Killed arkorax's ghost
  3808 | D:3      | Reached skill level 1 in Invocations
  3808 | D:3      | Reached XP level 5. HP: 9/24 MP: 5/10
  3998 | D:3      | Found a runed door.
  4032 | D:3      | Noticed Crazy Yiuf
  4036 | D:3      | Killed Crazy Yiuf
  4036 | D:3      | Reached skill level 6 in Stealth
  4036 | D:3      | Reached skill level 1 in Ice Magic
  4133 | D:3      | Found a faded altar of an unknown god.
  4140 | D:3      | Noticed Grinder
  4178 | D:3      | Learned a level 3 spell: Tukima's Dance
  4257 | D:3      | Slain by Grinder

Vault maps used:
D:1:      sevenhm_arrival_forest_fort_large_2
D:2:      minmay_misc_feat_doors, nemelex_spade_bored_becter
D:3:      chequers_ecumenical_altar_simple, uniq_grinder, uniq_sigmund,
          uniq_crazy_yiuf_cottage

Skill      XL: |  1  2  3  4  5 |
---------------+----------------+-----
Stealth        | 5 6 |  6.0
Hexes          | 4 |  4.7
Spellcasting   | 3 |  3.3
Short Blades   | 2 |  2.1
Invocations    | 1 |  1.3
Dodging        | 4 |  4.0
Ice Magic      | 1 |  1.0

Action                   |  1- 3 |  4- 6 || total
-------------------------+-------+-------++-------
Melee: Dagger            |   201 |    40 ||   241
 Cast: Ensorcelled Hiber |     8 |     2 ||    10
       Confuse           |     4 |     4 ||     8
 Stab: Sleeping          |    14 |     7 ||    21
       Confused          |     2 |     3 ||     5
  Eat: Ration            |     1 |       ||     1
Armor: Robe              |    26 |     1 ||    27
Dodge: Dodged            |   150 |     8 ||   158

Table legend:
 A = Spawn XP
 B = Non-spawn XP
 C = Spawn XP percentage of total XP
 D = Spawn monster count
 E = Non-spawn monster count
 F = Spawn count percentage of total count
 G = Total turns spent on level
                    A         B        C        D         E        F      G
               +---------+---------+-------+---------+---------+-------+---------
         Total |       0 |     264 |   0.0 |       0 |      50 |   0.0 |  4257
               +---------+---------+-------+---------+---------+-------+---------
           D:1 |       0 |      43 |   0.0 |       0 |      22 |   0.0 |  2018
           D:2 |       0 |      37 |   0.0 |       0 |      17 |   0.0 |  1663
           D:3 |       0 |     184 |   0.0 |       0 |      11 |   0.0 |   576
               +---------+---------+-------+---------+---------+-------+---------
